 Dungeon Crawl Stone Soup version 0.28.0-62-gf88900778d (webtiles) character file.

Game seed: 6754938921984734355

81 mopl the Skirmisher (level 4, -5/41 HPs)
             Began as a Hill Orc Fighter on Dec 28, 2023.
             Killed by nerve-wracking pain
             ... invoked by a shadow imp
             ... summoned by Natasha
              (11 damage)
             ... on level 3 of the Dungeon.
             The game lasted 00:01:39 (2215 turns).

mopl the Skirmisher (Hill Orc Fighter)              Turns: 2215, Time: 00:01:39

Health: -5/41      AC:  9    Str: 18    XL:     4   Next: 42%
Magic:  4/4        EV:  7    Int:  8    God:
Gold:   74         SH:  4    Dex: 12    Spells: 3/3 levels left

rFire   . . .      SeeInvis .   a - +0 war axe
rCold   . . .      Faith    .   c - +0 buckler
rNeg    . . .      Spirit   .   m - +0 chain mail
rPois   .          Reflect  .   (no helmet)
rElec   .          Harm     .   (no cloak)
rCorr   .          Rampage  .   (no gloves)
Will    .....                   (no boots)
Stlth   ..........              (no amulet)
HPRegen 0.13/turn               (no ring)
MPRegen 0.09/turn               (no ring)

@: slowed, very slow
A: no striking features
a: no special abilities


You were on level 3 of the Dungeon.
You visited 1 branch of the dungeon, and saw 3 of its levels.

You collected 74 gold pieces.

Inventory:

Hand Weapons
 a - a +0 war axe (weapon)
Missiles
 k - 6 poisoned darts (quivered)
Armour
 c - a +0 buckler (worn)
 m - a +0 chain mail (worn)
Scrolls
 e - a scroll of teleportation {unknown}
 f - a scroll of vulnerability {unknown}
 g - a scroll of brand weapon {unknown}
 j - a scroll of identify {unknown}
Potions
 d - a potion of might
 h - a potion of curing {unknown}
 i - a potion of mutation {unknown}
 l - a potion of haste {unknown}


   Skills:
 + Level 4.3 Fighting
 + Level 3.8 Axes
 + Level 3.9 Armour
 + Level 1.4 Dodging
 - Level 3.2 Shields


You had 3 spell levels left.
You didn't know any spells.
Your spell library contained the following spells:

 Spells                   Type           Power      Damage    Failure   Level
 Magic Dart               Conj           0%         1d3       100%        1
 Summon Small Mammal      Summ           0%         N/A       100%        1
 Call Imp                 Summ           0%         N/A       100%        2
 Call Canine Familiar     Summ           0%         N/A       100%        3
 Mephitic Cloud           Conj/Pois/Air  0%         N/A       100%        3
 Summon Guardian Golem    Hex/Summ       0%         N/A       100%        3


Dungeon Overview and Level Annotations

Branches:
Dungeon (3/15)

Altars:

Annotations:
D:3 Natasha


Message History

You are too injured to fight recklessly!
You are too injured to fight recklessly!
You are too injured to fight recklessly!
You are too injured to fight recklessly!
There are monsters nearby!
There are monsters nearby!
You are too injured to fight recklessly!
You barely miss Natasha.
Natasha stares at you and mumbles some strange words.
The magic dart hits you but does no damage.
Natasha claws you but does no damage.
You closely miss Natasha. You hit the shadow imp.
The shadow imp closely misses you.
Natasha stares at you and mumbles some strange words.
You resist with some effort.
The shadow imp hits you but does no damage.
You closely miss Natasha. You closely miss the shadow imp. Natasha claws you!
* * * LOW HITPOINT WARNING * * *
You block the shadow imp's attack.
You barely miss Natasha. You closely miss the shadow imp.
Natasha mumbles some strange words.
Natasha's front paws start to glow.
Natasha claws you but does no damage.
The shadow imp hits you but does no damage.
Natasha claws you.
* * * LOW HITPOINT WARNING * * *
You barely miss Natasha. You closely miss the shadow imp.
The shadow imp disappears in a puff of smoke!
The shadow imp hits you but does no damage.
Natasha stares at you and mumbles some strange words.
The magic dart hits you.
* * * LOW HITPOINT WARNING * * *
The shadow imp hits you.
* * * LOW HITPOINT WARNING * * *
You hit Natasha but do no damage. You barely miss the shadow imp.
Natasha stares at you and mumbles some strange words.
You feel yourself slow down. The shadow imp gestures at you.
Pain shoots through your body!
You die...

##.#..
.#..<....
##........
##...#.#.. #
##.[.....# #..
#.......##.. #
#.............
#†#...#.#....#
#[##.!@5......
#.##.##h#.#..#
###.##.# §..
##.#.##.# ##.#
##....##.###
...
#...........
$..
##..........
..#
##.####.###
.## #.# .#


You could see Natasha and a shadow imp (summoned).

Vanquished Creatures
  3 adders
  A worm (D:2)
  A dart slug (D:2)
  6 endoplasms
  4 goblins
  5 hobgoblins
  2 jackals (D:1)
  2 quokkas (D:1)
  9 ball pythons
  5 bats
  A frilled lizard (D:2)
  4 kobolds
  2 rats
45 creatures vanquished.

Notes
Turn   | Place    | Note
-------+----------+-------------------------------------------
     0 | D:1      | mopl the Hill Orc Fighter began the quest for the Orb.
     0 | D:1      | Reached XP level 1. HP: 19/19 MP: 1/1
   141 | D:1      | Reached skill level 3 in Axes
   141 | D:1      | Reached XP level 2. HP: 6/27 MP: 2/2
   652 | D:1      | Reached skill level 4 in Fighting
   865 | D:1      | Reached XP level 3. HP: 33/33 MP: 3/3
   913 | D:2      | Reached skill level 1 in Dodging
  1543 | D:2      | Reached XP level 4. HP: 40/40 MP: 4/4
  2204 | D:3      | Noticed Natasha
  2215 | D:3      | Killed from afar by a shadow imp

Illustrated notes

Levels and vault maps discovered:
D:1:      amcnicky_arrival_choice, layout_basic
D:2:      layout_loops_corners
D:3:      layout_loops_ring, mainiacjoe_overflow_cross_hatched,
          nicolae_ecumenical_lake_church, uniq_natasha

Skill      XL: |  1  2  3 |
---------------+----------+-----
Axes           | 3 |  3.8
Fighting       | 4 |  4.3
Dodging        | 1 |  1.4
Armour         | |  3.9
Shields        | |  3.2

Action                   |  1- 3 |  4- 6 || total
-------------------------+-------+-------++-------
Melee: War axe           |    85 |    42 ||   127
Armor: Scale mail        |    40 |     4 ||    44
       Chain mail        |       |    19 ||    19
Dodge: Dodged            |    43 |     9 ||    52
Block: Buckler           |    23 |     9 ||    32
